[Event "*** Titled Tuesday Blitz"]
[Site "Chess.com"]
[Date "2020.03.03"]
[Round "8"]
[White "deBaller"]
[Black "dlp300"]
[Result "1-0"]
[WhiteElo "2369"]
[BlackElo "2624"]
[TimeControl "180+1"]
[EndTime "14:36:21 PST"]
[Termination "deBaller won by resignation"]

1. e4 e5 2. Nf3 Nc6 3. d4 exd4 4. Bc4 Nf6 5. e5 Ng4 6. O-O Be7 7. h3 Ngxe5 8.
Nxe5 Nxe5 9. Qxd4 Nxc4 10. Qxc4 O-O 11. Nc3 c6 12. Qd3 d5 13. Be3 Be6 14. Rad1 Qa5 15. a3 Rfd8 16. Ne2 c5 17. Nf4 Bf6 18. Nxe6 fxe6 19.
Bd2 Qb6 20. b3 Rac8 21. c4 Bd4 22. Be3 Bxe3 23. Qxe3 d4 24. Qd3 e5 25. Rfe1 Re8 26.
Re2 Re6 27. Rde1 Rce8 28. Qf3 h6 29. Qd5 Qc6 30. f4 e4 31. b4 e3 32. Rd1 b6 33.
Qxc6 Rxc6 34. b5 Rd6 35. Rd3 g5 36. f5 Kf7 37. g4 Kf6 38. Kg2 Ke5 39. Rexe3+ dxe3 40. Rxe3+ Kf4 41. Rxe8 Rd2+ 42. Kf1 Kf3 43. Ke1 Rd6 44.
Re6 Rd4 45. f6 Rxc4 46. f7 Rf4 47. Re5 Kg3 48. Rf5 Re4+ 49. Kd2 Rd4+ 50. Kc3 Rd8 51. f8=Q Rxf8 52. Rxf8 Kxh3 53. Rh8 Kxg4 54. Rxh6 Kf3 55. Rh7 g4 56. Rxa7 g3 57. Rg7 g2 58. a4 Kf2 59.
Kc4 g1=Q 60. Rxg1 Kxg1 61. a5 bxa5 62. b6 1-0

[Event "*** Titled Tuesday Blitz"]
[Site "Chess.com"]
[Date "2020.03.03"]
[Round "8"]
[White "AndreyNeves"]
[Black "SanchezKelvin"]
[Result "0-1"]
[WhiteElo "2192"]
[BlackElo "2337"]
[TimeControl "180+1"]
[EndTime "14:36:21 PST"]
[Termination "SanchezKelvin won on time"]

1. d4 Nf6 2. c4 g6 3. Nc3 Bg7 4. e4 d6 5. Be2 O-O 6. Bg5 c5 7. d5 e6 8. Nf3 exd5 9. exd5 h6 10. Bh4 Bg4 11. O-O Nbd7 12. Bg3 Ne8 13. h3 Bxf3 14. Bxf3 Ne5 15. Be2 f5 16. f4 Nf7 17.
Qc2 a6 18. a4 Nc7 19. Rae1 Qd7 20. Bh2 h5 21. Bg3 Bf6 22. Qd1 Kg7 23. Bf3 Rae8 24.
Rxe8 Rxe8 25. Re1 Rxe1+ 26. Qxe1 Qe8 27. Qxe8 Nxe8 28. Nd1 Bd4+ 29. Bf2 Bxf2+ 30. Kxf2 h4 31. Ke2 Kf6 32. a5 Ng7 33. Nf2 g5 34. Nd3 gxf4 35. Nxf4 Ne5 36. b3 Ng6 37. Nxg6 Kxg6 38. Kd3 Kf6 39.
b4 cxb4 40. Kd4 b3 41. Kc3 Ke5 42. c5 dxc5 43. d6 Kxd6 44. Bxb7 Ne6 45. Bxa6 Nd4 46.
Bd3 Kc6 47. a6 Kb6 48. Bf1 f4 49. Bd3 f3 50. gxf3 Nxf3 51. Kxb3 Ng5 52. Bf1 Ne4 53. Kc2 Ng3 54. Bg2 Nf5 55. Kc3 Nd4 56. Kc4 Nc2 0-1

[Event "*** Titled Tuesday Blitz"]
[Site "Chess.com"]
[Date "2020.03.03"]
[Round "8"]
[White "SahajGrover"]
[Black "ZWISCHENZUGGED"]
[Result "0-1"]
[WhiteElo "2699"]
[BlackElo "2558"]
[TimeControl "180+1"]
[EndTime "14:36:30 PST"]
[Termination "ZWISCHENZUGGED won by resignation"]

1. g3 c5 2. Bg2 g6 3. c3 Bg7 4. d4 cxd4 5. cxd4 d5 6. Nc3 Nc6 7. Nxd5 Nxd4 8. Bf4 Ne6 9. Be3 Bd7 10. Rc1 Bc6 11.
Rxc6 bxc6 12. Qa4 Rc8 13. Nh3 Qd7 14. Nb4 c5 15. Qxd7+ Kxd7 16. Na6 Bd4 17. Bd2 Nf6 18. O-O Nc7 19. Nxc7 Kxc7 20. Ng5 Rhf8 21. Ba5+ Kb8 22.
b3 h6 23. Nf3 e5 24. e3 Bb2 25. Rb1 e4 26. Rxb2 exf3 27. Bxf3 Rfe8 28. Rd2 Re6 29. Kg2 c4 30. bxc4 Rxc4 31. Rb2+ Kc8 32. Bb7+ Kd7 33. Bf3 Ra4 34. Rd2+ Ke8 35. Bc7 Ne4 36.
Rd3 Rxa2 37. Bxe4 Rxe4 38. Bf4 g5 39. Bd6 Re6 40. Bc5 f5 41. Bd4 a5 42. Rc3 a4 43. Rc8+ Kd7 44. Ra8 Kc7 45. Ra5 Kb7 46.
Rxf5 Ra6 47. Rf7+ Kc6 48. Rf6+ Kb5 49. Rf5+ Kc4 50. Rc5+ Kd3 51. Rc8 Rc2 52. Rd8 Ke2 53. e4 a3 54. e5 a2 55. f4 gxf4 56. gxf4 Rd2 57. Kg3 Rxd4 58. Rxd4 a1=Q 59. Re4+ Kd3 0-1

[Event "*** Titled Tuesday Blitz"]
[Site "Chess.com"]
[Date "2020.03.03"]
[Round "8"]
[White "AnkitGajwa"]
[Black "Bryakin_Mikhail"]
[Result "0-1"]
[WhiteElo "2502"]
[BlackElo "2670"]
[TimeControl "180+1"]
[EndTime "14:36:34 PST"]
[Termination "Bryakin_Mikhail won by resignation"]

1. e4 d5 2. exd5 Nf6 3. Nf3 Bg4 4. h3 Bxf3 5. Qxf3 Qxd5 6. Qxd5 Nxd5 7. d4 Nc6 8. c3 O-O-O 9. Bb5 a6 10. Bxc6 bxc6 11. O-O e6 12. Nd2 c5 13. dxc5 Bxc5 14. Nb3 Be7 15. Rd1 Nb6 16. Bf4 Nc4 17. Rxd8+ Rxd8 18. Rb1 e5 19. Be3 Nxe3 20. fxe3 f5 21. Kf2 e4 22.
Ke2 c5 23. Na5 Kc7 24. Nc4 Bf6 25. Rf1 Rd5 26. g4 fxg4 27. hxg4 h5 28. Rf4 h4 29. Rxe4 h3 30. Kf3 Bh4 31. g5 Be1 32. Re7+ Kc6 33. Rxg7 Rf5+ 34. Kg4 h2 35. Rh7 Rf2 36. g6 Kd5 37. b3 Ke4 38. Rh3 Rg2+ 39. Kh5 Kf5 40. Nd6+ Kf6 41. Ne4+ Kg7 42. Nxc5 Bg3 43. Ne6+ Kg8 44.
Ng5 Rg1 45. Nf3 h1=Q 46. Rxh1 Rxh1+ 47. Kg4 Bd6 48. Kf5 Rf1 49. Ke4 Ra1 50. Nd4 Rxa2 51. Kd5 Bf8 52. e4 Kg7 53. e5 Kxg6 54. Ne6 Be7 55. Kc6 Kf5 56. Kd7 Bh4 57. Kd6 Rd2+ 58. Nd4+ Ke4 59. e6 Rd3 60. e7 Bxe7+ 61. Kxe7 Rxc3 62.
Ne6 Kd5 63. Kd7 a5 64. Nc7+ Kc5 65. Ne6+ Kb4 66. Kd6 Rxb3 67. Nc7 Rd3+ 68. Nd5+ Rxd5+ 69. Kxd5 a4 70. Kd4 Kb3 0-1

[Event "*** Titled Tuesday Blitz"]
[Site "Chess.com"]
[Date "2020.03.03"]
[Round "8"]
[White "davigator"]
[Black "ChadBiryani"]
[Result "0-1"]
[WhiteElo "2314"]
[BlackElo "2450"]
[TimeControl "180+1"]
[EndTime "14:36:47 PST"]
[Termination "ChadBiryani won on time"]

1. e4 e5 2. Nf3 Nf6 3. Nxe5 Nc6 4. Nxc6 dxc6 5. Nc3 Bc5 6. Bc4 Ng4 7. d4 Bxd4 8.
O-O Qh4 9. h3 Bxf2+ 10. Rxf2 Qxf2+ 11. Kh1 Ne5 12. Be2 Be6 13. Qf1 Qxf1+ 14. Bxf1 O-O-O 15. b3 f6 16. Be3 h5 17. Kg1 g5 18. Kf2 g4 19. h4 Rhg8 20. g3 b6 21. a4 f5 22.
Ba6+ Kb8 23. a5 fxe4 24. axb6 cxb6 25. Bf4 Rgf8 26. Ke2 Rf5 27. Nxe4 Bd5 28. Nc3 Ka8 29. Ke3 Ng6 30. Nxd5 Rfxd5 31. Bg5 Re8+ 32. Kf2 Ra5 33. Rxa5 bxa5 34. Bd3 Ne5 35. Be4 Kb7 36. Ke3 Nf3 37.
Bf4 Nd2 38. Kxd2 Rxe4 39. Be3 a4 40. bxa4 Rxa4 41. Bc5 a6 42. Kc3 Re4 43. Kd3 Ra4 44. Kc3 Kc7 45. Kd3 Kd7 46. c3 Ke6 47. Bb6 Kf5 48.
Bc7 Re4 49. Ba5 Re7 50. Kd4 Re4+ 51. Kd3 Ra4 52. Bc7 Ra2 53. Kc4 Ke6 54. Kc5 Kd7 55.
Be5 Ra5+ 56. Kd4 Rd5+ 57. Ke4 Ke6 58. Bc7 a5 59. c4 Rf5 60. Bb6 a4 61. Bd4 Rf3 62. Be5 a3 63. c5 Re3+ 64. Kxe3 Kxe5 65. Kd3 a2 66. Kc2 a1=Q 67. Kb3 Qc1 68. Kb4 Kd5 69. Ka5 Qb2 70. Ka6 Kxc5 71. Ka7 Kd6 72. Ka6 c5 73. Ka5 c4 74. Ka4 Kc5 0-1

[Event "*** Titled Tuesday Blitz"]
[Site "Chess.com"]
[Date "2020.03.03"]
[Round "8"]
[White "Snegokhod"]
[Black "aridannie"]
[Result "1-0"]
[WhiteElo "2594"]
[BlackElo "2439"]
[TimeControl "180+1"]
[EndTime "14:36:57 PST"]
[Termination "Snegokhod won on time"]

1. e4 c5 2. Nf3 Nc6 3. Bb5 g6 4. O-O Bg7 5. c3 Nf6 6. Re1 O-O 7. e5 Nd5 8. d4 cxd4 9. cxd4 d6 10. h3 a6 11. Bf1 dxe5 12. dxe5 h6 13. Na3 b5 14. e6 Bxe6 15. Rxe6 fxe6 16. Qc2 Nd4 17.
Nxd4 Bxd4 18. Qxg6+ Bg7 19. Bxh6 Rf7 20. Bxg7 Rxg7 21.
Qxe6+ Rf7 22. Rd1 Qb6 23. Qxd5 Qxf2+ 24. Kh1 Rf8 25. Bd3 Qg3 26. Rf1 Kg7 27. Qd4+ e5 28. Rxf7+ Rxf7 29. Qe4 Qf4 30. Qg6+ Kf8 31. Nc2 Qc1+ 32.
Kh2 Qf4+ 33. Qg3 Qf6 34. Ne3 Rg7 35. Ng4 Qd6 36. Be4 Qd2 37. Qxe5 Re7 38. Qb8+ Re8 39.
Qb7 Qf4+ 40. Kh1 Qxe4 41. Qxa6 Qf4 42. Qf6+ Qxf6 43. Nxf6 Re2 44. b4 Rxa2 45. Nd5 Rb2 46.
Kh2 Kf7 47. Kg3 Rd2 48. Nc7 Rb2 49. Nxb5 Rxb4 50. Nd6+ Ke6 51. Ne8 Rb3+ 52. Kf4 Rb8 53. Ng7+ Kf6 54. Nh5+ Kg6 55. g4 Rb3 56. h4 Rb4+ 57.
Kg3 Rb3+ 58. Kg2 Rb4 59. Kh3 Rb3+ 60. Ng3 Rb4 61. g5 Ra4 62. Ne2 Ra3+ 63. Kg4 Ra4+ 64. Nf4+ Kg7 65. h5 Ra1 66. h6+ Kh7 67. Kh5 Rh1+ 68. Kg4 Rg1+ 69. Kf5 Rf1 70. Ke5 Re1+ 71. Kf5 Rf1 72. Kg4 Rg1+ 73. Kh4 Rh1+ 74. Kg4 1-0

[Event "*** Titled Tuesday Blitz"]
[Site "Chess.com"]
[Date "2020.03.03"]
[Round "8"]
[White "ajian"]
[Black "albano87"]
[Result "1/2-1/2"]
[WhiteElo "2318"]
[BlackElo "1932"]
[TimeControl "180+1"]
[EndTime "14:37:03 PST"]
[Termination "Game drawn - insufficient material"]

1. d4 d5 2. c4 e6 3. Nc3 Nf6 4. cxd5 exd5 5. Bg5 Nbd7 6. e3 Be7 7. Bd3 O-O 8. Qc2 b6 9. Nf3 Bb7 10. O-O c5 11.
Ne5 h6 12. Bf4 Nxe5 13. Bxe5 a6 14. h3 c4 15. Bf5 b5 16. a3 Bc6 17. Ne2 Bd6 18.
f4 Ne4 19. Bxe4 dxe4 20. Ng3 f6 21. Bxd6 Qxd6 22. Qe2 f5 23. Qh5 Be8 24. Qe2 Qd5 25.
Rac1 Rc8 26. Qd2 g6 27. Ne2 Bf7 28. Qa5 Qd6 29. Rfd1 Bd5 30. Nc3 Rf6 31. Kf2 Kg7 32.
Na2 g5 33. g3 Rg6 34. Rg1 Kh7 35.
Qb4 Qf6 36. Qd2 Rcg8 37. Nc3 Bf7 38. Rcf1 gxf4 39. exf4 Rd8 40. Rd1 Qb6 41. Qe3 a5 42. g4 Rgd6 43. gxf5 Rxd4 44. Rxd4 Qxd4 45. Qxd4 Rxd4 46.
Ke3 Rd3+ 47. Ke2 b4 48. axb4 axb4 49. Nxe4 Rb3 50. Rb1 c3 51. Kd3 cxb2+ 52. Kc2 Re3 53. Nf6+ Kh8 54. Rxb2 b3+ 55. Kd2 Rxh3 56. Kc1 Rh1+ 57.
Kd2 Rf1 58. Kc3 Rf3+ 59. Kd4 Rxf4+ 60. Ke5 Rc4 61. Rxb3 Rc5+ 62. Kd4 Rxf5 63. Rb8+ Kg7 64. Ne4 Rf4 65. Ke3 Rg4 66. Rb6 Rg1 67. Nf6 Rg3+ 68. Kf2 Rg6 69. Nh5+ Kh7 70. Rxg6 Kxg6 71. Ng3 Kg5 72. Kg2 Bd5+ 73. Kh2 Be6 74. Kg2 Kg4 75. Kh2 Bd5 76. Nf1 h5 77. Ne3+ Kf3 78. Nxd5 Ke4 79.
Nf6+ Kf5 80. Nxh5 1/2-1/2

[Event "*** Titled Tuesday Blitz"]
[Site "Chess.com"]
[Date "2020.03.03"]
[Round "8"]
[White "IgorBjelobrk"]
[Black "Orest_Vovk"]
[Result "1-0"]
[WhiteElo "2705"]
[BlackElo "2529"]
[TimeControl "180+1"]
[EndTime "14:37:08 PST"]
[Termination "IgorBjelobrk won by resignation"]

1. d4 e5 2. dxe5 Nc6 3. Nf3 Qe7 4. Bf4 Qb4+ 5. Bd2 Qxb2 6. Nc3 Bb4 7. Rb1 Qa3 8. Rb3 Qa5 9. e3 Nge7 10. Bd3 Ng6 11. a3 Bxc3 12. Bxc3 Qc5 13. Qa1 O-O 14. O-O Re8 15.
Rb5 Qe7 16. Rd1 a6 17. Rd5 b5 18. Bf5 Nb8 19. Bb4 Qd8 20. Ba5 Ne7 21. Be4 Nxd5 22. Bxd5 Ra7 23. Qd4 Rb7 24. Qf4 Rf8 25. Ng5 Qe7 26.
Bxb7 Bxb7 27. Bxc7 h6 28. Nf3 Bxf3 29. Qxf3 Re8 30. Qb7 Nc6 31. Bd6 Qe6 32. f4 f6 33.
Qxa6 fxe5 34. Qxb5 exf4 35. Bxf4 g5 36. Bg3 Qxe3+ 37. Bf2 Qe6 38. h3 Ne5 39. Qd5 Ng6 40. Qxd7 Qxd7 41. Rxd7 Rc8 42. a4 Rxc2 43. a5 Rc1+ 44.
Kh2 Ra1 45. Bb6 Nf4 46. Rd2 Ra4 47. g3 Ng6 48. Kg2 Kf7 49. Rd7+ Ke6 50. Rh7 Kf5 51. Rxh6 Ra2+ 52. Kf1 Ne5 53. Rh8 Ke4 54. Re8 Kd5 55.
Rd8+ Ke4 56. Re8 Kd5 57. Ke1 Nd3+ 58. Kd1 Rb2 59. Rd8+ Kc4 60. Rc8+ Kb5 61. Rg8 Ra2 62. Rxg5+ Ka6 63. Rg8 Nb4 64. h4 Nd3 65. h5 Rh2 66. g4 Nb2+ 67. Ke1 Nc4 68. Kf1 Ne5 69. Kg1 Nf3+ 70. Kf1 Rh4 71. Kf2 Ne5 72. Kg3 Rh1 73.
Bc7 Nd7 74. Rg6+ Kb7 75. Bf4 Nc5 76. Rb6+ Ka7 77. Be3 Ne4+ 78. Kf4 Nc3 79. Rb1+ Ka6 80. Rxh1 Nd5+ 81. Ke4 Nf6+ 82. Kf3 Nxg4 83. Kxg4 1-0

[Event "*** Titled Tuesday Blitz"]
[Site "Chess.com"]
[Date "2020.03.03"]
[Round "8"]
[White "Zubrrr"]
[Black "GM_dmitrij"]
[Result "1-0"]
[WhiteElo "2669"]
[BlackElo "2809"]
[TimeControl "180+1"]
[EndTime "14:37:23 PST"]
[Termination "Zubrrr won on time"]

1. c4 e5 2. g3 c6 3. d4 e4 4. d5 cxd5 5. cxd5 Nf6 6. Nc3 Bb4 7. Bg2 O-O 8. Nh3 Bxc3+ 9. bxc3 d6 10. O-O Nbd7 11.
Nf4 Re8 12. h4 b6 13. Ba3 Qe7 14. Qd4 Ba6 15. Rfc1 Qe5 16. Qa4 Bb7 17. c4 e3 18.
f3 Nf8 19. Qb4 Rad8 20. Bb2 Qe7 21. a4 Ng6 22. Nxg6 hxg6 23. Ra3 Nh5 24. Qe1 g5 25. Bd4 gxh4 26. Rxe3 Qg5 27. gxh4 Qg6 28. Kh2 Nf4 29. Bf1 Qh6 30. Qg3 Ng6 31. Rxe8+ Rxe8 32. Qg5 Qh7 33. h5 Ne5 34. Rc3 f6 35. Qh4 g5 36. Qh3 Bc8 37.
Qg3 Qxh5+ 38. Kg1 Kf7 39. a5 Rh8 40. Bg2 g4 41. f4 Ng6 42. axb6 axb6 43. Bxb6 Nh4 44. c5 Nxg2 45. Qxg2 dxc5 46. Rxc5 Bf5 47. Rc7+ Kg6 48. e4 Rb8 49. exf5+ Qxf5 50. Qf2 Ra8 51. Rc1 Ra3 52. Be3 Rd3 53. Re1 Qe4 54. Qg3 Kf5 55.
Qg2 Qb4 56. Bf2 Qxf4 57. d6 Rxd6 58. Rf1 Kg6 59. Bc5 Qe5 60. Bxd6 Qxd6 61. Qxg4+ Kf7 62. Qf4 Qb6+ 63. Rf2 Qe6 64. Kg2 Qd5+ 65. Kh2 Qe6 66.
Kg3 Qb3+ 67. Rf3 Qe6 68. Qf5 Qe1+ 69. Kh3 Qh1+ 70. Kg4 Qg1+ 71. Rg3 Qd1+ 72. Kh4 Qh1+ 73. Qh3 Qe4+ 74. Qg4 Qh1+ 75. Rh3 Qe1+ 76. Kh5 Qe5+ 77. Kh6 Ke7 78. Qg7+ Kd6 79. Rh5 Qf4+ 80. Kh7 Qe4+ 81. Qg6 Qe7+ 82. Kh6 1-0

[Event "*** Titled Tuesday Blitz"]
[Site "Chess.com"]
[Date "2020.03.03"]
[Round "8"]
[White "Marcus_Harvey"]
[Black "MartinCerveny"]
[Result "0-1"]
[WhiteElo "2734"]
[BlackElo "2643"]
[TimeControl "180+1"]
[EndTime "14:37:23 PST"]
[Termination "MartinCerveny won on time"]

1. d4 d5 2. Nf3 Nf6 3. Bf4 Bf5 4. c3 c6 5. Qb3 Qb6 6. Nbd2 Nbd7 7. a4 h6 8. a5 Qxb3 9. Nxb3 a6 10. e3 Rc8 11. h3 e6 12. Be2 Be7 13. O-O O-O 14. Ne5 Nxe5 15. Bxe5 Nd7 16. Bg3 c5 17. dxc5 Nxc5 18.
Nxc5 Rxc5 19. Rfc1 Rfc8 20. Be5 f6 21. Bd4 R5c6 22.
g4 Bg6 23. Bb6 Kf7 24. f4 Be4 25. Kf2 g5 26. Bf3 Bxf3 27. Kxf3 e5 28. f5 Bc5 29.
Bxc5 Rxc5 30. Ra4 Rb5 31. Rc2 h5 32. gxh5 Rh8 33. Kg4 Ke7 34. Rb4 Rc8 35. Ra4 Rbc5 36. b3 Rxc3 37. Rxc3 Rxc3 38. h6 Kf7 39. Rb4 Rc7 40.
h4 gxh4 41. Kxh4 Rd7 42. Kg3 Kg8 43. Rb6 d4 44. exd4 exd4 45. Kf2 d3 46. Ke1 d2+ 47. Kd1 Kf7 48. h7 Kg7 49. Rxf6 Kxh7 50. Re6 Kg7 51. Re2 Rd5 52. b4 Kf6 53. Rxd2 Rb5 54. Rd4 Kxf5 55. Kc2 Ke5 56. Kc3 Ke6 57. Kc4 Re5 58.
Rd2 Rg5 59. Rd3 Re5 60. Rd8 Ke7 61. Rd1 Ke8 62. Rd2 Rb5 63. Kb3 Re5 64. Kc3 Ke7 65. Kc4 Ke6 66. Rd8 Ke7 67. Rd5 Re6 68. Kc5 Rc6+ 69.
Kd4 Ke6 70. Rh5 Kd7 71. Rh7+ Kc8 72. Rh8+ Kc7 73. Rh7+ Kb8 74. Kd5 Rc1 75. Rh8+ Ka7 76. Rh7 Rd1+ 77. Kc5 Rc1+ 78. Kd5 Rd1+ 79. Kc4 Rc1+ 80. Kb3 Rb1+ 81. Kc3 Rc1+ 82. Kd3 Rd1+ 83. Kc2 Rg1 84. Rh4 Kb8 85. Kc3 Kc7 86. Rh7+ Kc6 87.
Rh6+ Kd5 88. Rb6 Rg3+ 89. Kb2 Rg7 90. Kb3 Rc7 91. Ka4 Kd4 92. Rh6 Kc3 93. Rh3+ Kb2 94. Rh2+ Rc2 95. Rh7 Rc3 96. Rh2+ Rc2 97. Rh3 Ka1 98.
b5 Rc4+ 99. Kb3 axb5 0-1

[Event "*** Titled Tuesday Blitz"]
[Site "Chess.com"]
[Date "2020.03.03"]
[Round "8"]
[White "pouya21"]
[Black "Sibelephant"]
[Result "0-1"]
[WhiteElo "2814"]
[BlackElo "3033"]
[TimeControl "180+1"]
[EndTime "14:37:32 PST"]
[Termination "Sibelephant won by resignation"]

1. e4 e5 2. Nf3 Nc6 3. Bb5 g6 4. d4 exd4 5. c3 d3 6. O-O Bg7 7. Bg5 Nge7 8. Qxd3 O-O 9. Bxc6 bxc6 10. Qd2 d6 11.
Re1 Bg4 12. Qf4 Bxf3 13. Qxf3 Rb8 14. b3 h6 15. Bf6 Qd7 16. c4 Bxf6 17. Qxf6 Qe6 18.
Qf3 c5 19. Nc3 Nc6 20. Rad1 Kg7 21. Nd5 Nd4 22. Qd3 c6 23. Nf4 Qe5 24. Ne2 Nxe2+ 25. Rxe2 Rbd8 26. h3 Rfe8 27. Rdd2 Re6 28. g3 g5 29. Kg2 h5 30. Qf3 h4 31. Re3 Rh8 32. Qg4 hxg3 33. Rxg3 Rg6 34. Qf5 Re8 35. Qxe5+ Rxe5 36.
Rgd3 Ree6 37. f3 Kf8 38. Kg3 Ke7 39. Rg2 Rh6 40. Kh2 Rh5 41. Rg3 Reh6 42. Kg2 Ke6 43.
Rd1 a5 44. Rd2 f6 45. a4 Rh8 46. Rd3 Ke5 47. Kh2 R5h7 48. Kg2 Rb8 49. Kf2 Ke6 50. Rg1 Rxh3 51. Rgd1 Rd8 52. R1d2 Ke5 53. Kg2 Rh4 54. Kg3 Rh7 55. Rd1 Rdd7 56. R1d2 Rh1 57.
Kg2 Rdh7 58. Rxd6 Kf4 59. Rxf6+ Ke3 60. Rdd6 R7h2+ 61. Kg3 Rh4 62. Kg2 R1h2+ 63. Kg3 Rh1 64. Kg2 R4h2+ 65. Kg3 Rf2 66. Kg4 Rg1+ 67. Kh5 Rxf3 68.
Rxf3+ Kxf3 69. e5 Kf4 70. e6 Kf5 71. Kh6 Re1 72. Rxc6 g4 73. Rxc5+ Kf4 74. Rxa5 g3 75. Rg5 Rxe6+ 76. Kh5 Re5 77. Rxe5 Kxe5 78. a5 g2 79. a6 g1=Q 0-1

[Event "*** Titled Tuesday Blitz"]
[Site "Chess.com"]
[Date "2020.03.03"]
[Round "8"]
[White "champ2005"]
[Black "mbojan"]
[Result "1/2-1/2"]
[WhiteElo "2956"]
[BlackElo "2683"]
[TimeControl "180+1"]
[EndTime "14:38:38 PST"]
[Termination "Game drawn by repetition"]

1. f4 d5 2. Nf3 Nf6 3. g3 g6 4. Bg2 Bg7 5. O-O O-O 6. d3 c5 7. c3 Nc6 8. Na3 b6 9. Qc2 Bb7 10. e4 d4 11. Bd2 Qd7 12. Rae1 Rfd8 13. c4 Ng4 14. h3 Ne3 15. Bxe3 dxe3 16. Rxe3 Nd4 17.
Qb1 Nxf3+ 18. Rexf3 Qd4+ 19. R1f2 a6 20. Kh2 h5 21.
Qf1 Bc6 22. f5 Qe5 23. Kh1 e6 24. g4 exf5 25. gxh5 fxe4 26. Rxf7 e3 27. Bxc6 exf2 28.
Rxf2 Rac8 29. Bd5+ Rxd5 30. cxd5 Qxd5+ 31. Qg2 Qxh5 32. Nc4 Re8 33. Nxb6 Re3 34. Qd5+ Qxd5+ 35. Nxd5 Rxh3+ 36. Kg2 Rxd3 37. Nc7 Bd4 38. Rc2 a5 39. Ne6 a4 40.
Nf4 Rd1 41. Nxg6 Rg1+ 42. Kf3 Rxg6 43. Ke4 Kf7 44. Kd5 Rg5+ 45. Kc4 Rg3 46. Kb5 a3 47. b3 Ke6 48. Rh2 Rf3 49. Ka4 Bb2 50. Rd2 Ke5 51. Kb5 Rc3 52. Re2+ Kd4 53. Rd2+ Rd3 54.
Rh2 Re3 55. Rh4+ Kd3 56. Kxc5 Kc2 57. Rh1 Re2 58. b4 Be5 59. b5 Kb2 60. b6 Kxa2 61. b7 Rb2 62. Kc6 Bc3 63. Rh3 Be5 64. Rh5 Bf4 65.
Rh4 Bc1 66. Rh8 Bf4 67. Rh4 Rc2+ 68. Kd5 Bc7 69. Rh7 Bb8 70. Rh8 Bg3 71. Rh3 Bf4 72.
Rh4 Bg3 73. Rh3 Bc7 74. Rh7 Bb8 75. Rh8 Rd2+ 76. Kc6 Bf4 77. Rh4 Bg3 78. Rh3 Bh2 79. Rxh2 Rxh2 80. b8=Q Rc2+ 81. Kd5 Rb2 82. Qf4 Rc2 83.
Qe4 Kb2 84. Qb4+ Ka2 85. Kd4 Rb2 86. Qa4 Rb3 87. Kc4 Rb2 88. Kc3 Rb1 89. Qc4+ Ka1 90. Qd4 Rb2 91. Qd1+ Ka2 92. Qe1 Rb1 93. Qe6+ Ka1 94.
Qa6 Ka2 95. Qc4+ Ka1 96. Qa4 Ka2 97. Qd4 Rb3+ 98. Kc2 Rb2+ 99. Kc1 Rb1+ 100. Kc2 Rb2+ 101. Kc3 Rb3+ 102. Kc4 Rb2 103. Qd1 Rb1 104. Qa4 Rb2 105. Qd1 Rb1 106. Qd4 Rb2 107. Kc3 Rb3+ 1/2-1/2

[Event "*** Titled Tuesday Blitz"]
[Site "Chess.com"]
[Date "2020.03.03"]
[Round "9"]
[White "JozefKneht"]
[Black "HZMC92"]
[Result "1-0"]
[WhiteElo "2552"]
[BlackElo "2367"]
[TimeControl "180+1"]
[EndTime "14:40:38 PST"]
[Termination "JozefKneht won by resignation"]

1. e4 c5 2. Nf3 Nc6 3. d4 cxd4 4. Nxd4 g6 5. c4 Bg7 6. Be3 Nf6 7. Nc3 O-O 8. Be2 d6 9. O-O Ng4 10. Bxg4 Bxg4 11. Qd2 Nxd4 12. Bxd4 Bxd4 13. Qxd4 Be6 14. b3 a6 15. f4 Qc7 16. f5 Bd7 17. f6 exf6 18. Nd5 Qc5 19. Nxf6+ Kg7 20. Qxc5 1-0

[Event "*** Titled Tuesday Blitz"]
[Site "Chess.com"]
[Date "2020.03.03"]
[Round "9"]
[White "lelya96"]
[Black "KerryStead"]
[Result "0-1"]
[WhiteElo "2268"]
[BlackElo "2161"]
[TimeControl "180+1"]
[EndTime "14:41:56 PST"]
[Termination "KerryStead won by resignation"]

1. b3 d5 2. Bb2 c5 3. g3 Nc6 4.
Bg2 e5 5. e3 Be6 6. Ne2 f6 7.
d3 Nge7 8. Nd2 Qd7 9. O-O g5 10. f4 gxf4 11. exf4 Rg8 12. Nf3 d4 13. c3 Bh3 14. cxd4 Bxg2 15. Kxg2 exd4 16. Rc1 b6 17.
a3 Nd5 18. Nexd4 Ne3+ 19. Kh1 Nxd1 20. Nxc6 Qxc6 21. Rcxd1 O-O-O 22. d4 Kb7 23. Rc1 Be7 24. Kg1 Rge8 25. dxc5 Bxc5+ 26. Bd4 Rxd4 27. Nxd4 Bxd4+ 0-1

[Event "*** Titled Tuesday Blitz"]
[Site "Chess.com"]
[Date "2020.03.03"]
[Round "9"]
[White "Sebastian"]
[Black "VladimirBelous"]
[Result "1-0"]
[WhiteElo "3019"]
[BlackElo "2817"]
[TimeControl "180+1"]
[EndTime "14:42:25 PST"]
[Termination "Sebastian won by resignation"]

1. d4 Nf6 2. Nf3 g6 3. e3 Bg7 4. Be2 O-O 5. O-O c5 6. dxc5 Qa5 7. Qd4 Na6 8. Bxa6 Qxa6 9. Nc3 Rd8 10. e4 d6 11. Bg5 Bg4 12. Bxf6 Bxf6 13. e5 Bxf3 14.
exf6 e5 15. Qe3 1-0

[Event "*** Titled Tuesday Blitz"]
[Site "Chess.com"]
[Date "2020.03.03"]
[Round "9"]
[White "nocnypako"]
[Black "moro182"]
[Result "0-1"]
[WhiteElo "2591"]
[BlackElo "2707"]
[TimeControl "180+1"]
[EndTime "14:42:28 PST"]
[Termination "moro182 won by resignation"]

1. d4 Nf6 2. c4 e6 3. Nc3 d5 4. cxd5 exd5 5. Bg5 c6 6. Qc2 h6 7.
Bh4 Be6 8. e3 Nbd7 9. Bd3 g5 10.
Bg3 Nh5 11. Bf5 Qf6 12. Bxe6 fxe6 13. Be5 Nxe5 14. dxe5 Qf5 15. e4 Qxe5 16. Nf3 Qg7 17. exd5 exd5 18. O-O O-O-O 19. Rfd1 Kb8 20. Rab1 Nf4 21. b4 Qxc3 0-1

[Event "*** Titled Tuesday Blitz"]
[Site "Chess.com"]
[Date "2020.03.03"]
[Round "9"]
[White "isla88"]
[Black "Jbd735"]
[Result "0-1"]
[WhiteElo "2334"]
[BlackElo "2519"]
[TimeControl "180+1"]
[EndTime "14:42:40 PST"]
[Termination "Jbd735 won by resignation"]

1. c4 c6 2. Nc3 d5 3. e3 Nf6 4. Nf3 e6 5. b3 Nbd7 6. Bb2 Bd6 7.
d4 O-O 8. Be2 a6 9. a4 Ne4 10.
O-O f5 11. Qc2 Rf6 12. Ba3 Bc7 13. Rac1 Rh6 14. g3 Ndf6 15. cxd5 exd5 16. Ne5 Nxc3 17.
Qxc3 Ne4 18. Qb4 Bd6 19. Rc5 Nxc5 0-1

[Event "*** Titled Tuesday Blitz"]
[Site "Chess.com"]
[Date "2020.03.03"]
[Round "9"]
[White "norwaytoadog"]
[Black "GMsKoRPioN"]
[Result "0-1"]
[WhiteElo "2274"]
[BlackElo "2473"]
[TimeControl "180+1"]
[EndTime "14:42:42 PST"]
[Termination "GMsKoRPioN won by resignation"]

1. e4 d6 2. d4 g6 3. Nc3 Bg7 4. Be3 a6 5. Qd2 b5 6. a3 Bb7 7. f3 Nd7 8. h4 Ngf6 9. Bh6 Bxh6 10. Qxh6 c5 11. Nge2 cxd4 12. Nxd4 Qb6 13. O-O-O Rc8 14. h5 gxh5 15. Nf5 Rxc3 16. bxc3 Qc5 17. Qe3 Qxa3+ 18. Kb1 Nc5 19. Qd4 Na4 0-1

[Event "*** Titled Tuesday Blitz"]
[Site "Chess.com"]
[Date "2020.03.03"]
[Round "9"]
[White "ehrenfeld"]
[Black "Saitama_Hero"]
[Result "0-1"]
[WhiteElo "2469"]
[BlackElo "2330"]
[TimeControl "180+1"]
[EndTime "14:43:00 PST"]
[Termination "Saitama_Hero won by resignation"]

1. e4 d6 2. d4 Nf6 3. Nc3 c6 4. Nge2 Qa5 5. f3 e5 6. Be3 Nbd7 7. Qd2 b5 8. a4 b4 9. Nd1 d5 10. Nf2 Be7 11. c3 O-O 12. Ng3 bxc3 13. bxc3 Rd8 14.
Nf5 Bf8 15. Bd3 exd4 16. Bxd4 dxe4 17. fxe4 Ne5 18. O-O Bxf5 19. exf5 Rxd4 0-1

[Event "*** Titled Tuesday Blitz"]
[Site "Chess.com"]
[Date "2020.03.03"]
[Round "9"]
[White "SanchezKelvin"]
[Black "Dale"]
[Result "1-0"]
[WhiteElo "2338"]
[BlackElo "1938"]
[TimeControl "180+1"]
[EndTime "14:43:11 PST"]
[Termination "SanchezKelvin won by checkmate"]

1. Nf3 c6 2. g3 d6 3. Bg2 Nf6 4. O-O Nbd7 5. b3 g6 6. Bb2 Bg7 7. c4 O-O 8. d3 Re8 9. Nbd2 Qc7 10. e4 Nc5 11. Qc2 e5 12. Rfe1 Bg4 13. h3 Bxf3 14.
Nxf3 Rad8 15. d4 Ncxe4 16. Rxe4 Nxe4 17. Qxe4 exd4 18. Qd3 c5 19. Ng5 b5 20. Bd5 bxc4 21.
Qxc4 Re5 22. Nxf7 Rxd5 23. Nxd8 Qxd8 24. Qxd5+ Kh8 25. Re1 a5 26. Re6 d3 27. Bxg7+ Kxg7 28. Rxd6 Qf8 29. Qxd3 a4 30. bxa4 h5 31. Rd7+ Kh6 32.
Qd2+ g5 33. Qd6+ Qxd6 34. Rxd6+ Kg7 35. Rd5 c4 36. Rxg5+ Kf6 37. Rxh5 c3 38. Rc5 c2 39.
Rxc2 Kf5 40. Rc4 Ke5 41. Rf4 Kd5 42. h4 Kd6 43. h5 Ke7 44. h6 Ke6 45. h7 Ke5 46.
h8=Q+ Ke6 47. Qh6+ Kd5 48. Qg5+ Kc6 49. Rf6+ Kd7 50.
Qg7+ Ke8 51. Rf8# 1-0

[Event "*** Titled Tuesday Blitz"]
[Site "Chess.com"]
[Date "2020.03.03"]
[Round "9"]
[White "VerdeNotte"]
[Black "amiralfio"]
[Result "1-0"]
[WhiteElo "2760"]
[BlackElo "2608"]
[TimeControl "180+1"]
[EndTime "14:43:32 PST"]
[Termination "VerdeNotte won by resignation"]

1. Nf3 f5 2. d3 Nc6 3. e4 e5 4. d4 fxe4 5. Nxe5 Nf6 6. Bg5 d6 7.
Nxc6 bxc6 8. d5 cxd5 9. Bb5+ Bd7 10. Bxf6 Qxf6 11. Qxd5 Rb8 12. Qxe4+ Be7 13. Bxd7+ Kxd7 14. Qa4+ Kc8 15. O-O Rf8 16. Nc3 Rb7 17. Rae1 Qh4 18. Re4 Qg5 19. h4 1-0